 Dungeon Crawl Stone Soup version 0.22-a0-525-gf69a080 (webtiles) character file.

751 stealthycow the Chopper (level 7, 0/62 HPs)
             Began as a Minotaur Berserker on June 19, 2018.
             Was a Priest of Trog.
             Slain by thechecker02's ghost (11 damage)
             ... on level 5 of the Dungeon on June 21, 2018.
             The game lasted 00:07:58 (5006 turns).

stealthycow the Chopper (Minotaur Berserker)        Turns: 5006, Time: 00:07:58

Health: 0/62       AC: 12    Str: 22    XL:     7   Next: 49%
Magic:  6/6        EV:  8    Int:  4    God:    Trog [***...]
Gold:   252        SH:  0    Dex: 11    Spells: 6/6 levels left

rFire    . . .     SeeInvis .   w - +0 battleaxe
rCold    . . .     Gourm    .   (shield currently unavailable)
rNeg     . . .     Faith    .   x - +0 plate armour (curse)
rPois    .         Spirit   .   (helmet restricted)
rElec    .         Reflect  .   (no cloak)
rCorr    .         Harm     .   (no gloves)
MR       .....                  (no boots)
Stlth    ..........             (no amulet)
HPRegen  0.20/turn              (no ring)
MPRegen  0.10/turn              (no ring)

@: lethally poisoned (0 -> -37), berserk cooldown, slowed, very slow
A: retaliatory headbutt, horns 2
a: Berserk, Trog's Hand, Renounce Religion


You were on level 5 of the Dungeon.
You worshipped Trog.
Trog was most pleased with you.
You were hungry.

You visited 1 branch of the dungeon, and saw 5 of its levels.

You collected 252 gold pieces.

Inventory:

Hand Weapons
 w - a +0 battleaxe (weapon)
Armour
 s - a +0 buckler
 x - a cursed +0 plate armour (worn)
Jewellery
 b - an uncursed ring of wizardry {unknown}
 i - an uncursed ring of see invisible {unknown}
 p - an uncursed amulet of the acrobat {unknown}
 q - an uncursed ring of see invisible {unknown}
Scrolls
 d - a scroll of identify {unknown}
 f - a scroll of random uselessness {unknown}
 g - a scroll of fear {unknown}
 m - a scroll of immolation {unknown}
 r - 4 scrolls of magic mapping {unknown}
 t - 2 scrolls of teleportation {unknown}
 v - a scroll of remove curse {unknown}
Potions
 e - a potion of lignification {unknown}
 h - 2 potions of heal wounds {unknown}
 j - 2 potions of mutation {unknown}
 k - 2 potions of agility {unknown}
 l - 2 potions of curing {unknown}
 n - a potion of invisibility {unknown}
 o - a potion of ambrosia {unknown}
Comestibles
 a - 6 chunks of flesh
 c - 9 rations


   Skills:
 + Level 5.7 Fighting
 * Level 7.3 Axes
 + Level 4.9 Armour
 + Level 4.6 Dodging


You had 6 spell levels left.
You didn't know any spells.
Your spell library was empty.

Dungeon Overview and Level Annotations

Branches:
Dungeon (5/15)
 Temple: D:4-7

Altars:
Hepliaklqana
Nemelex Xobeh
Qazlal
Wu Jian

Annotations:
D:5 thechecker02's ghost, novice HOFi


Innate Abilities, Weirdness & Mutations

You reflexively headbutt those who attack you in melee.
You have a pair of horns on your head.


Message History

You miss thechecker02's ghost.
Thechecker02's ghost is moderately damaged.
You feel very sick.
Thechecker02's ghost hits you but does no damage.
Thechecker02's ghost closely misses you.
You miss thechecker02's ghost.
Your headbutt misses thechecker02's ghost.
Thechecker02's ghost is moderately damaged.
You feel very sick. Thechecker02's ghost hits you!
* * * LOW HITPOINT WARNING * * *
You are more poisoned.
Thechecker02's ghost hits you but does no damage.
You are more poisoned.
You miss thechecker02's ghost.
Thechecker02's ghost is moderately damaged.
* * * LOW HITPOINT WARNING * * *
You feel extremely sick. Thechecker02's ghost hits you!
You die...

#
#÷..............
. #...####.######
## #...####.# .
#........# .#
#..###########.##
#.............<..
#.##.####.....#
....+.#♣.#.....+
#.##.
#.#8?W@....# # #.
#.#♣.#.....###
♣♣♣#.####........
♣P.%.))......##
+P...[.......#
+..#########.#
+P.. .# ♣P.. #
♣#...


You could see thechecker02's ghost.

Vanquished Creatures
  2 phantoms (D:4)
  An orc warrior (D:4)
  A bullfrog (D:5)
  2 hounds
  An orc priest (D:4)
  4 orc wizards
  5 worker ants
  3 adders
  An ooze (D:1)
  A worm (D:2)
  3 dart slugs (D:1)
  2 leopard geckos
  7 orcs
  A ball python (D:1)
  3 giant cockroaches
  5 goblins
  11 hobgoblins
  4 jackals (D:1)
  5 bats
  9 frilled lizards
  5 kobolds
  4 rats
80 creatures vanquished.

Notes
Turn   | Place    | Note
-------+----------+-------------------------------------------
     0 | D:1      | stealthycow the Minotaur Berserker began the quest for the Orb.
     0 | D:1      | Reached XP level 1. HP: 19/19 MP: 0/0
   277 | D:1      | Reached XP level 2. HP: 19/27 MP: 1/1
   393 | D:1      | Reached skill level 4 in Axes
   668 | D:1      | Reached XP level 3. HP: 33/33 MP: 2/2
   836 | D:1      | Reached ** piety under Trog
  1701 | D:2      | Reached XP level 4. HP: 40/40 MP: 3/3
  1923 | D:3      | Found a sparkling altar of Nemelex Xobeh.
  2069 | D:3      | Upgraded the game from 0.22-a0-515-g75794bf to 0.22-a0-525-gf69a080
  2685 | D:4      | Reached skill level 5 in Axes
  2777 | D:4      | Reached XP level 5. HP: 30/47 MP: 4/4
  3428 | D:3      | Reached XP level 6. HP: 6/55 MP: 5/5
  3715 | D:4      | Found an ornate altar of the Wu Jian Council.
  3742 | D:4      | Reached skill level 5 in Fighting
  3742 | D:4      | Reached skill level 6 in Axes
  3928 | D:4      | Reached *** piety under Trog
  4002 | D:4      | Found a stormy altar of Qazlal.
  4022 | D:4      | Noticed an orc warrior
  4041 | D:4      | Killed an orc warrior
  4380 | D:4      | Reached XP level 7. HP: 57/61 MP: 6/6
  4386 | D:4      | Found a hazy altar of Hepliaklqana.
  4822 | D:5      | Entered Level 5 of the Dungeon
  4863 | D:5      | Reached skill level 7 in Axes
  4941 | D:5      | Found a runed door.
  4941 | D:5      | Noticed thechecker02's ghost (novice HOFi)
  5006 | D:5      | Slain by thechecker02's ghost

Vault maps used:
D:1:      ebering_trefoil_twist, serial_park_tiny_pond, minmay_pentomino_q4
D:3:      nemelex_xobeh_ov_fountains_minmay, first_ration
D:4:      lemuel_crystal_altar, old_standard_altar, marbit_many_paths,
          st_stairs_8, sigmund_army
D:5:      minmay_diamond_boxcup, grunt_temple_overflow_champion_of_chaos,
          good_gods_mini_temple, nicolae_dithmenos_the_darkroom,
          gammafunk_ghost_grave, sword_in_stone, uniq_ijyb

Skill      XL: |  1  2  3  4  5  6  7 |
---------------+----------------------+-----
Axes           | 4 5 6 7 |  7.3
Fighting       | 4 5 |  5.7
Armour         | 3 4 |  4.9
Dodging        | 3 4 |  4.6

Action                   |  1- 3 |  4- 6 |  7- 9 || total
-------------------------+-------+-------+-------++-------
Melee: Hand axe          |   100 |   104 |       ||   204
       Headbutt          |     8 |    26 |     8 ||    42
       Battleaxe         |       |     8 |    40 ||    48
Invok: Trog's Hand       |       |     1 |       ||     1
       Berserk           |       |       |     1 ||     1
 Stab: Sleeping          |     1 |       |       ||     1
  Eat: Chunk             |     3 |     5 |     2 ||    10
       Ration            |       |     1 |       ||     1
Armor: Animal skin       |    15 |       |       ||    15
       Ring mail         |    26 |    22 |       ||    48
       Plate armour      |       |     8 |    23 ||    31
Dodge: Dodged            |    53 |    48 |    19 ||   120
Block: Buckler           |       |    10 |       ||    10

Table legend:
 A = Spawn XP
 B = Non-spawn XP
 C = Spawn XP percentage of total XP
 D = Spawn monster count
 E = Non-spawn monster count
 F = Spawn count percentage of total count
 G = Total turns spent on level
                    A         B        C        D         E        F      G
               +---------+---------+-------+---------+---------+-------+---------
         Total |       0 |    1074 |   0.0 |       0 |      80 |   0.0 |  5006
               +---------+---------+-------+---------+---------+-------+---------
           D:1 |       0 |      55 |   0.0 |       0 |      26 |   0.0 |  1111
           D:2 |       0 |      50 |   0.0 |       0 |      13 |   0.0 |   812
           D:3 |       0 |      55 |   0.0 |       0 |      14 |   0.0 |  1075
           D:4 |       0 |     701 |   0.0 |       0 |      21 |   0.0 |  1824
           D:5 |       0 |     213 |   0.0 |       0 |       6 |   0.0 |   184
               +---------+---------+-------+---------+---------+-------+---------
